AoeStats
← Your Doom

Arena

507882454Analyzed
4v4 RM · 12d ago on Sep 20, 2026· 81m 4s· 8 players
Game mode
Random Map
Map size
Large (8 player)
Population
200
Speed
Normal
Resources
Standard
Victory
Conquest
Starting age
Dark Age
Ending age
Imperial Age
RankedLock teamsTeams togetherTeam positionsShared explorationLock speedFull tech treeHidden civsTurbo modeCheats
Victory
Defeat
🇨🇳 Mongols · China
948
+15
🇫🇷 Turks · France
891
+18
🇵🇹 Portuguese · Portugal
863
+19
🇨🇦 Poles · Canada
852
+19
945
-18
🇨🇳 Sicilians · China
945
-19
🇦🇷 Khmer · Argentina
918
-17
🇦🇷 Mongols · Argentina
916
-17
Le$bean
0:45 Loom
16:01 Feudal Age
17:30 Man-at-Arms
17:54 Horse Collar
18:03 Double-Bit Axe
18:42 Man-at-Arms
19:08 Arson
21:33 Castle Age
20:57 Forging
21:50 Long Swordsman
26:03 Heavy Plow
26:22 Bow Saw
28:50 Caravan
32:42 Wheelbarrow
32:36 Scale Barding Armor
33:07 Iron Casting
34:33 Hand Cart
34:51 Bloodlines
34:03 Light Cavalry
34:27 Pikeman
35:39 Szlachta Privileges
38:41 Imperial Age
37:25 Husbandry
39:18 Chain Barding Armor
38:43 Cavalier
39:47 Conscription
39:50 Lechitic Legacy
40:33 Winged Hussar
47:12 Blast Furnace
64:18 Fortified Wall
77:58 Masonry
francis le tueur
13:37 Feudal Age
16:22 Wheelbarrow
15:35 Double-Bit Axe
15:33 Horse Collar
15:46 Gold Mining
19:07 Castle Age
23:30 Imperial Age
22:20 Padded Archer Armor
23:56 Leather Archer Armor
25:40 Ring Archer Armor
26:43 Heavy Plow
29:15 Bow Saw
30:57 Hand Cart
30:31 Loom
30:33 Town Watch
33:35 Two-Man Saw
35:57 Gold Shaft Mining
36:38 Ballistics
36:30 Fortified Wall
36:31 Masonry
36:02 Treadmill Crane
36:44 Bombard Tower
36:46 Stone Mining
38:22 Heated Shot
39:04 Architecture
52:50 Murder Holes
Your Doom
12:01 Feudal Age
13:44 Feudal Age
12:04 Loom
17:45 Castle Age
15:54 Horse Collar
16:28 Double-Bit Axe
16:50 Gold Mining
16:58 Stone Mining
18:58 Wheelbarrow
19:35 Fervor
20:44 Hand Cart
22:29 Heavy Plow
23:26 Bow Saw
24:03 Stone Shaft Mining
23:33 Treadmill Crane
26:24 Masonry
30:55 Imperial Age
28:13 Town Watch
28:52 Ballistics
28:04 Pikeman
30:49 Fletching
31:10 Forging
31:01 Scale Mail Armor
31:13 Murder Holes
32:38 Chemistry
33:05 Town Patrol
34:23 Architecture
36:37 Two-Man Saw
38:47 Bodkin Arrow
39:28 Iron Casting
39:09 Chain Mail Armor
39:31 Arquebus
39:09 Halberdier
39:36 Arson
41:07 Siege Engineers
43:56 Elite Organ Gun
53:26 Conscription
60:58 Bracer
61:58 Blast Furnace
61:29 Plate Mail Armor
61:14 Fortified Wall
Mika_168
11:22 Feudal Age
14:58 Castle Age
13:11 Double-Bit Axe
13:08 Horse Collar
21:56 Fletching
26:50 Padded Archer Armor
28:42 Bodkin Arrow
29:40 Wheelbarrow
29:07 Gold Mining
31:39 Leather Archer Armor
31:47 Ballistics
34:04 Imperial Age
33:23 Hand Cart
33:22 Bow Saw
34:09 Heavy Scorpion
35:14 Conscription
35:49 Bracer
36:50 Chemistry
35:56 Siege Engineers
36:31 Parthian Tactics
36:12 Thumb Ring
36:09 Husbandry
36:20 Bloodlines
36:57 Drill
36:36 Elite Mangudai
39:56 Stone Mining
40:45 Gold Shaft Mining
40:25 Capped Ram
46:39 Siege Ram
50:43 Masonry
71:27 Light Cavalry
75:23 Caravan
Cambell
4:27 Loom
10:34 Feudal Age
16:33 Castle Age
16:36 Wheelbarrow
17:27 Double-Bit Axe
17:45 Stone Mining
19:07 Gold Mining
18:59 Horse Collar
30:23 Imperial Age
30:04 Pikeman
32:01 Hand Cart
32:24 Conscription
32:42 Bow Saw
33:19 Conscription
36:11 Elite Ballista Elephant
43:10 Caravan
43:21 Scale Barding Armor
43:29 Bloodlines
43:19 Husbandry
44:22 Chemistry
43:30 Siege Engineers
51:39 Ballistics
52:39 Chain Barding Armor
52:30 Forging
52:25 Scale Mail Armor
56:10 Pikeman
57:03 Heavy Scorpion
59:20 Fletching
59:31 Padded Archer Armor
64:49 Double Crossbow
67:40 Pikeman
71:08 Arson
72:06 Iron Casting
76:34 Plate Barding Armor
76:08 Light Cavalry
78:39 Hussar
津门酒仙1049
9:36 Feudal Age
14:49 Castle Age
12:54 Double-Bit Axe
12:55 Horse Collar
15:25 Wheelbarrow
16:43 Bow Saw
22:47 Heavy Plow
28:47 Imperial Age
26:35 Hand Cart
27:28 Forging
27:23 Scale Barding Armor
29:08 Bloodlines
28:59 Husbandry
29:38 Iron Casting
29:23 Chain Barding Armor
29:29 Elite Steppe Lancer
31:29 Chain Barding Armor
33:18 Blast Furnace
33:18 Loom
33:19 Town Watch
35:34 Gold Mining
35:34 Stone Mining
36:09 Onager
37:20 Fletching
37:30 Padded Archer Armor
38:44 Gold Shaft Mining
38:44 Stone Shaft Mining
38:07 Elite Mangudai
40:03 Chemistry
40:41 Capped Ram
41:48 Bodkin Arrow
42:09 Leather Archer Armor
41:34 Light Cavalry
41:48 Siege Ram
43:15 Conscription
43:04 Hussar
44:34 Bracer
45:36 Drill
47:47 Siege Onager
61:05 Caravan
62:14 Town Patrol
63:13 Fortified Wall
63:14 Masonry
青山依旧在 几度夕阳红
5:03 Loom
11:34 Feudal Age
13:08 Double-Bit Axe
15:32 Castle Age
15:20 Horse Collar
19:32 Heavy Plow
21:25 Wheelbarrow
25:55 Hand Cart
26:47 Forging
26:43 Scale Barding Armor
27:40 Gold Mining
27:43 Stone Mining
28:07 Fletching
29:14 Bow Saw
32:27 Imperial Age
30:36 Gold Shaft Mining
30:41 Silk Armor
31:13 Bodkin Arrow
31:19 Padded Archer Armor
33:00 Leather Archer Armor
33:20 Iron Casting
33:06 Chain Barding Armor
33:38 Bloodlines
33:29 Husbandry
33:58 Conscription
33:24 Elite Keshik
34:06 Bracer
34:12 Heavy Cavalry Archer
36:10 Blast Furnace
36:15 Ballistics
37:10 Chemistry
36:48 Ring Archer Armor
36:54 Plate Barding Armor
39:19 Light Cavalry
39:22 Elite Skirmisher
60:01 Hussar
胜天半子
11:50 Feudal Age
16:35 Castle Age
16:14 Double-Bit Axe
16:10 Horse Collar
21:16 Wheelbarrow
24:19 Loom
27:24 Gold Mining
28:45 Stone Mining
29:13 Hand Cart
31:27 Fletching
31:47 Elite Skirmisher
35:12 Imperial Age
34:37 Stone Shaft Mining
34:21 Padded Archer Armor
35:31 Forging
35:26 Elite Serjeant
36:16 Town Watch
38:18 Leather Archer Armor
37:59 Bodkin Arrow
40:30 Scale Mail Armor
44:12 Chain Mail Armor
45:48 Iron Casting
48:14 Iron Casting
48:25 Gold Shaft Mining
50:00 Blast Furnace
52:38 Plate Mail Armor
53:38 Bracer
54:14 Town Patrol
56:58 Pikeman
57:47 Scale Barding Armor
59:02 Halberdier
63:17 Chain Barding Armor
76:14 Coinage
75:49 Caravan
Connection lost

Rejoining the realm…

Still unreachable

The connection could not be restored.

Session expired

The server has moved on; the page needs a fresh start.